 Dungeon Crawl Stone Soup version 0.32-a0-379-g363f0df (webtiles) character file.

Game seed: 17163620666697694715

3069 Nithhogg the Lightning Rod (level 9, -5/81 HPs)
             Began as a Mountain Dwarf Fighter on Feb 19, 2024.
             Was a Follower of Qazlal.
             Slain by a wyvern (9 damage)
             ... on level 7 of the Dungeon.
             The game lasted 00:13:57 (8564 turns).

Nithhogg the Lightning Rod (Mountain Dwarf Fighter) Turns: 8564, Time: 00:13:58

Health: -5/81      AC: 11    Str: 23    XL:     9   Next: 58%
Magic:  15/15      EV: 11    Int:  9    God:    Qazlal [*.....]
Gold:   1012       SH:  1    Dex:  9    Spells: 8/8 levels left

rFire   . . .        a - +0 war axe
rCold   . . .        (no shield)
rNeg    . . .        A - +0 acid dragon scales
rPois   .            i - +2 helmet
rElec   .            (no cloak)
rCorr   +            (no gloves)
SInv    .            (no boots)
Will    .....        (no amulet)
Stlth   +            (no ring)
HPRegen 0.33/turn    (no ring)
MPRegen 0.14/turn

%: no passive effects
@: no status effects
A: runic magic, artefact enchanting
a: Renounce Religion


You were on level 7 of the Dungeon.
You worshipped Qazlal.
Qazlal was aware of your devotion.
You visited 2 branches of the dungeon, and saw 9 of its levels.
You also visited: Sewer.

You collected 1012 gold pieces.

Inventory:

Hand Weapons
 a - a +0 war axe (weapon)
Missiles
 k - 6 curare-tipped darts (quivered)
 u - 18 poisoned darts
 x - a throwing net
Armour
 b - a +0 scale mail
 c - a +0 buckler
 i - a +2 helmet (worn)
 A - +0 acid dragon scales (worn)
Jewellery
 z - a +5 ring of evasion
Wands
 n - a wand of flame (22)
 y - a wand of mindburst (18)
Scrolls
 e - a scroll of identify
 g - 2 scrolls of enchant weapon
 h - a scroll of teleportation
 l - 2 scrolls of revelation
 m - 2 scrolls of fog
 t - 2 scrolls of enchant armour
Potions
 d - a potion of might
 j - 4 potions of attraction
 o - a potion of enlightenment {unknown}
 p - a potion of magic {unknown}
 q - a potion of cancellation {unknown}
 r - a potion of invisibility {unknown}
 s - a potion of haste {unknown}
 v - 2 potions of brilliance {unknown}
 w - a potion of heal wounds {unknown}
 B - a potion of degeneration {unknown}


   Skills:
 + Level 8.1 Fighting
 + Level 8.3 Axes
 + Level 8.1 Armour
 - Level 3.2 Shields
 + Level 8.7 Invocations


You had 8 spell levels left.
You didn't know any spells.
Your spell library contained the following spells:

 Spells                   Type           Power      Damage    Failure   Level
 Apportation              Tloc           0%         N/A       38%         1
 Necrotise                Necr           0%         1d4       38%         1
 Sting                    Conj/Alch      0%         1d3       38%         1
 Summon Small Mammal      Summ           0%         N/A       38%         1
 Dazzling Flash           Conj/Hex       0%         N/A       77%         3
 Vampiric Draining        Necr           0%         2d6       77%         3
 Volatile Blastmotes      Fire/Tloc      0%         2d10      77%         3
 Martyr's Knell           Necr/Summ      0%         N/A       99%         4
 Curse of Agony           Necr           0%         N/A       100%        5
 Starburst                Conj/Fire      0%         6d3       100%        6
 Maxwell's Capacitive Co  Air            0%         ∞         100%        8


Dungeon Overview and Level Annotations

Branches:
Dungeon (8/15)             Temple (1/1) D:5           Sewer (visited)
   Lair: D:8-11

Altars:
Ashenzari
Cheibriados
Dithmenos
Elyvilon
Fedhas
Hepliaklqana
Kikubaaqudgha
Makhleb
Nemelex Xobeh
Okawaru
Qazlal
Ru
Sif Muna
Trog
Uskayaw
Wu Jian
Xom
Yredelemnul
Zin
The Shining One

Shops:
D:2 *

Annotations:
D:2 1 runed translucent door, Crazy Yiuf
D:6 1 runed translucent door, seeu12's ghost, novice CoGl
D:8 Grum


Innate Abilities, Weirdness & Mutations

Your spellcasting is much less encumbered by armour.
You can use scrolls of enchantment on lesser artefacts.


Message History

Grum hits you from afar with a +1 halberd!
There is a stone staircase leading up, spattered with blood here.
Grum barely misses you.
Grum lets out an intimidating howl.
Grum closely misses you.
The wyvern bites you but does no damage.
There is a stone staircase leading up, spattered with blood here.
There are monsters nearby!
The wight hits you from afar with a +0 halberd.
The wyvern barely misses you.
Grum hits you from afar with a +1 halberd!
You climb upwards.
There is a stone staircase leading down, spattered with blood here.
You are too injured to fight recklessly!
The wyvern bites you but does no damage.
The wyvern barely misses you.
There is an open door, spattered with blood here.
Items here: )) [[.
You closely miss the wyvern. The wyvern bites you!
* * * LOW HITPOINT WARNING * * *
You slash the wyvern!
The wyvern is heavily wounded.
The wyvern bites you!
* * * LOW HITPOINT WARNING * * *
The wyvern bites you but does no damage.
You feel better.
The wyvern bites you but does no damage.
The wyvern bites you!
* * * LOW HITPOINT WARNING * * *
You closely miss the wyvern.
The wyvern is heavily wounded.
The wyvern bites you.
* * * LOW HITPOINT WARNING * * *
Press: ? - help, v - describe, . - travel, g - get item
Items here: a +0 leather armour; a +0 hand axe.
The floor.
The wyvern attacks as it pursues you! The wyvern bites you!
* * * LOW HITPOINT WARNING * * *
The wyvern bites you!
You die...

#....#
#######....#+######
.........#........#
......#..#........+
......'..#........#
.....)####.....)..####+#
######.....#'###........
.....#.....#..[#........
.)...'.....#..>#@.......
.....#.....#.[)k).......
######.....#..##........
##.#....#+##..####'####'
...#....+.....# ..'
...#....#.....# ..#..
...#....#.....# ..# ..
...'....#.....# .# .
##.#....#.~~.~~


You could see a wyvern.

Vanquished Creatures
  Maggie (D:6)
  Sigmund (D:2)
  A water moccasin (D:6)
  An ice beast (D:4)
  A sky beast (D:7)
  2 centaurs
  3 wolves (D:7)
  2 phantoms (D:5)
  6 kobold brigands
  2 wights (D:7)
  Dowan (D:7)
  3 howler monkeys
  2 bombardier beetles
  3 hounds
  4 jellies
  An orc priest (D:7)
  A gnoll bouda (D:5)
  A sleepcap (D:5)
  8 iguanas
  4 orc wizards
  Terence (D:2)
  A mummy (D:6)
  7 gnolls
  8 adders
  3 river rats
  A shadow imp (D:6)
  3 white imps
  2 ufetubi (D:6)
  6 dart slugs
  A ribbon worm (D:5)
  16 orcs
  5 bats
  5 endoplasms
  4 giant cockroaches
  3 goblins
  5 hobgoblins
  6 jackals
  9 kobolds
  8 quokkas
  12 ball pythons
  2 frilled lizards (D:1)
  3 kobold zombies (D:6)
  An orc zombie (D:6)
  7 rats
167 creatures vanquished.

Vanquished Creatures (others)
  3 dart slugs (D:7)
3 creatures vanquished.

Grand Total: 170 creatures vanquished

Notes
Turn   | Place    | Note
-------+----------+-------------------------------------------
     0 | D:1      | Nithhogg the Mountain Dwarf Fighter began the quest for the
                  | Orb.
     0 | D:1      | Reached XP level 1. HP: 19/19 MP: 1/1
   248 | D:1      | Reached XP level 2. HP: 26/26 MP: 2/2
   282 | D:1      | Reached skill level 1 in Invocations
   400 | D:1      | You fall into a shaft and drop 1 floor!
   447 | D:2      | Reached XP level 3. HP: 28/31 MP: 4/4
   464 | D:2      | Found a faded altar of an unknown god.
  1078 | D:2      | Identified a scroll of acquirement
  1078 | D:2      | Acquired 654 gold pieces
  1086 | D:2      | Reached XP level 4. HP: 40/40 MP: 5/5
  1235 | D:2      | Found Byupef's General Store.
  1246 | D:2      | Noticed Sigmund
  1319 | D:3      | Found a shimmering altar of Xom.
  1593 | D:2      | Killed Sigmund
  1594 | D:2      | Reached XP level 5. HP: 25/47 MP: 5/7
  1728 | D:2      | Noticed Terence
  1738 | D:2      | Killed Terence
  1739 | D:2      | Reached XP level 6. HP: 42/53 MP: 8/8
  1823 | D:2      | Found a runed translucent door.
  1824 | D:2      | Noticed Crazy Yiuf
  2202 | D:3      | Found a glowing silver altar of Zin.
  2202 | D:3      | Found a hazy altar of Hepliaklqana.
  2656 | D:4      | Noticed an ice beast
  2677 | D:4      | Killed an ice beast
  2678 | D:4      | Reached skill level 5 in Fighting
  2678 | D:4      | Reached skill level 5 in Armour
  2895 | D:4      | Reached XP level 7. HP: 61/61 MP: 10/10
  3159 | D:4      | Reached skill level 5 in Axes
  3376 | D:5      | Entered Level 5 of the Dungeon
  3450 | D:5      | Found a glowing drain.
  3454 | Sewer    | Entered a sewer
  3469 | Sewer    | Reached skill level 5 in Invocations
  4233 | D:5      | Found a glowing golden altar of the Shining One.
  4269 | D:5      | Reached XP level 8. HP: 70/70 MP: 12/12
  4281 | D:5      | Found a staircase to the Ecumenical Temple.
  4312 | Temple   | Entered the Ecumenical Temple
  4589 | D:5      | Found a stormy altar of Qazlal.
  4592 | D:5      | Found a blossoming altar of Fedhas.
  4847 | D:5      | Became a worshipper of Qazlal Stormbringer
  5508 | D:6      | Noticed Maggie
  5556 | D:6      | Found Pexu's General Store.
  5965 | D:6      | Killed Maggie
  6027 | D:6      | Reached XP level 9. HP: 26/79 MP: 14/14
  6662 | D:6      | Found a runed translucent door.
  6663 | D:6      | Found a shimmering altar of Xom.
  6663 | D:6      | Noticed a +0 long sword of chaos
  6663 | D:6      | Noticed seeu12's ghost (novice CoGl)
  7178 | D:7      | Reached * piety under Qazlal
  7481 | D:7      | Noticed Dowan
  7500 | D:7      | Killed Dowan
  7672 | D:7      | Found the +7 Throatcutter {drain, coup de grace}
  7672 | D:7      | Noticed a kobold demonologist
  7672 | D:7      | Noticed a kobold demonologist
  7672 | D:7      | Noticed a kobold demonologist
  7672 | D:7      | Noticed a kobold demonologist
  7672 | D:7      | Noticed a kobold demonologist
  7676 | D:7      | Noticed a soul eater
  7677 | D:7      | Noticed a rust devil
  7961 | D:8      | Noticed Grum
  7987 | D:7      | HP: 4/81 [electric eel/bolt of electricity (12)]
  8564 | D:7      | HP: 4/81 [wyvern (12)]
  8564 | D:7      | Slain by a wyvern

Illustrated notes

Levels and vault maps discovered:
D:1:      dpeg_cavernosity, layout_loops_ring, minmay_fountain_box, st_stairs_14
D:2:      layout_basic, serial_shops, nicolae_shop_tiny_statue_garden,
          nicolae_ecumenical_snake_handling, uniq_terence, uniq_sigmund,
          uniq_crazy_yiuf_cottage
D:3:      layout_loops_ring, mainiacjoe_overflow_chevrons,
          gammafunk_temple_overflow_pools
D:4:      layout_loops_ring
D:5:      layout_gridville, grunt_temple_overflow_forces_of_nature,
          lemuel_tele_altar, minmay_temple_entry_gardened_gates,
          gup_sewer_entry_spiral, minivault_4
D:6:      layout_rooms, serial_shops, shop, ebering_ghost_xom,
          minmay_mini_ossuary, uniq_maggie
D:7:      kennysheep_slugbush, layout_gridville, serial_shops, shop,
          dilly_guarded_unrand_throatcut, uniq_duvessa
D:8:      layout_basic, vehumet_crystals, serial_curves, eino_curves_02,
          eino_curves_04, gammafunk_ghost_grave, uniq_grum
Temple:   eino_temple_lava

Skill      XL: |  1  2  3  4  5  6  7  8  9 |
---------------+----------------------------+-----
Invocations    | 1 2 3 4 5 7 8 |  8.7
Axes           | 3 4 5 7 8 |  8.3
Armour         | 4 5 6 7 8 |  8.1
Fighting       | 4 5 6 7 8 |  8.1
Shields        | |  3.2

Action                     |  1- 3 |  4- 6 |  7- 9 || total
---------------------------+-------+-------+-------++-------
  Melee: War axe           |    91 |   125 |   450 ||   666
  Throw: Dart              |       |       |     5 ||     5
    Use: Scroll            |     2 |     1 |     7 ||    10
         Potion            |       |       |     4 ||     4
 Armour: Scale mail        |    80 |    91 |   368 ||   539
         Acid dragon scale |       |       |   121 ||   121
  Dodge: Dodged            |    59 |    66 |   265 ||   390
  Block: Other             |       |       |     4 ||     4

Table legend: (Time is in decaauts)
 A = Elapsed time spent in this place.
 B = Non-inter-level travel time spent in this place.
 C = Inter-level travel time spent in this place.
 D = Time resting spent in this place.
 E = Time spent auto-exploring this place.
 F = Levels seen in this place.
 G = Mean time per level.
                   A        B        C        D        E       F      G
               +--------+--------+--------+--------+--------+-----+--------+
         Total |   8832 |   8564 |    268 |   1298 |   5495 |  10 |  883.2 |
       Dungeon |   8149 |   7881 |    268 |   1298 |   5045 |   8 | 1018.6 |
        Temple |     36 |     36 |      0 |      0 |      0 |   1 |   36.0 |
         Sewer |    646 |    646 |      0 |      0 |    450 |   1 |  646.0 |
               +--------+--------+--------+--------+--------+-----+--------+

Top non-repeatable levels by time:
     D:5: 1897 daAuts
     D:7: 1547 daAuts
     D:6: 1202 daAuts
     D:4: 944 daAuts
     D:2: 916 daAuts
     D:1: 888 daAuts
     D:3: 700 daAuts
   Sewer: 646 daAuts
     D:8: 50 daAuts
  Temple: 36 daAuts
